 Dungeon Crawl Stone Soup version 0.25-a0-589-g1e14c549ee (webtiles) character file.

Game seed: 17710862558421622662, levelgen mode: deterministic

84 kae the Skirmisher (level 4, 0/35 HPs)
             Began as a Demonspawn Abyssal Knight on Mar 11, 2020.
             Was a Follower of Lugonu.
             Slain by an orc (2 damage)
             ... on level 3 of the Dungeon.
             The game lasted 00:01:30 (2136 turns).

kae the Skirmisher (Demonspawn Abyssal Knight)      Turns: 2136, Time: 00:01:31

Health: 0/35       AC:  3    Str: 13    XL:     4   Next: 24%
Magic:  6/6        EV: 11    Int: 13    God:    Lugonu [*.....]
Gold:   113        SH:  0    Dex: 13    Spells: 3/3 levels left

rFire    . . .     SeeInvis .   a - +1 mace
rCold    . . .     Gourm    .   (no shield)
rNeg     . . .     Faith    .   b - +0 leather armour
rPois    .         Spirit   .   (no helmet)
rElec    .         Reflect  .   (no cloak)
rCorr    .         Harm     .   (no gloves)
MR       .....                  (no boots)
Stlth    +.........             (no amulet)
HPRegen  0.11/turn              (no ring)
MPRegen  0.10/turn              (no ring)

@: no status effects
A: powered by death 1
a: Depart the Abyss, Renounce Religion


You were on level 3 of the Dungeon.
You worshipped Lugonu.
Lugonu was aware of your devotion.
You were near starving.

You visited 1 branch of the dungeon, and saw 3 of its levels.
You visited the Abyss 1 time.

You collected 113 gold pieces.

Inventory:

Hand Weapons
 a - a +1 mace (weapon)
 d - a +0 whip
Armour
 b - a +0 leather armour (worn)
Jewellery
 i - an uncursed ring of resist corrosion {unknown}
Scrolls
 e - 2 scrolls of teleportation
 j - a scroll of remove curse
Potions
 f - a potion of curing {unknown}
 g - a potion of heal wounds {unknown}
 h - a potion of lignification {unknown}
 k - a potion of berserk rage {unknown}
 l - a potion of flight {unknown}
Comestibles
 c - a ration


   Skills:
 + Level 3.5 Fighting
 * Level 2.9 Maces & Flails
 + Level 2.4 Armour
 - Level 0.8 Dodging
 + Level 3.4 Invocations


You had 3 spell levels left.
You didn't know any spells.
Your spell library was empty.

Dungeon Overview and Level Annotations

Branches:
Dungeon (3/15)

Altars:
Makhleb


Innate Abilities, Weirdness & Mutations

You regenerate a little health from kills.


Message History

* * * LOW HITPOINT WARNING * * *
You hit the orc.
The orc is heavily wounded.
The orc closely misses you.
You closely miss the orc.
The orc is heavily wounded.
The orc misses you.
You hit the orc.
The orc is severely wounded.
The orc hits you.
* * * LOW HITPOINT WARNING * * *
The orc barely misses you.
You hit the orc.
The orc is almost dead.
The orc hits you.
* * * LOW HITPOINT WARNING * * *
You hit the orc but do no damage.
The orc is almost dead.
The orc hits you.
You die...

#### #### #.. ...
#.# #####.#
#####.###
.......###......<#
.....[.........#.#
........########.###
............@o......
......#.######.#.###
......#.. #.# .....
##. #.# ##.#. .. #..
#.# #. # .#


You could see an orc.

Vanquished Creatures
  An orc wizard (D:3)
  An adder (D:2)
  An ooze (D:1)
  A worm (D:2)
  4 dart slugs (D:1)
  2 orcs (D:3)
  A giant cockroach (D:1)
  3 goblins (D:1)
  3 hobgoblins
  2 jackals (D:1)
  5 bats
  A frilled lizard (D:1)
  8 kobolds
  4 rats
37 creatures vanquished.

Notes
Turn   | Place    | Note
-------+----------+-------------------------------------------
     0 | Abyss:1  | kae the Demonspawn Abyssal Knight began the quest for the
                  | Orb.
     0 | Abyss:1  | Reached XP level 1. HP: 18/18 MP: 2/2
    45 | Abyss:1  | Noticed a small abomination
    72 | D:1      | Escaped the Abyss
   273 | D:1      | Reached * piety under Lugonu
   542 | D:1      | Gained mutation: You regenerate a little health from kills.
                  | [demonic ancestry]
   542 | D:1      | Reached XP level 2. HP: 11/24 MP: 4/4
  1113 | D:1      | Reached XP level 3. HP: 24/29 MP: 5/5
  1745 | D:2      | Found a burning altar of Makhleb.
  1745 | D:2      | Noticed an Executioner
  2111 | D:3      | Reached XP level 4. HP: 18/35 MP: 6/6
  2136 | D:3      | Slain by an orc

Levels and vault maps discovered:
D:1:      dpeg_arrival_simpleton_b, layout_rooms
D:2:      layout_basic, makhleb_altar_promises_db, minmay_diced_spiral
D:3:      layout_basic, chequers_temple_overflow_statue_of_worship,
          overflow_temple_1_default, first_ration, minivault_26

Skill      XL: |  1  2 |
---------------+-------+-----
Maces & Flails | 2 |  2.9
Armour         | 2 |  2.4
Invocations    | 3 |  3.4
Fighting       | |  3.5
Dodging        | |  0.8

Action                   |  1- 3 |  4- 6 || total
-------------------------+-------+-------++-------
Melee: Mace              |   111 |    25 ||   136
       Whip              |     9 |       ||     9
Invok: Depart the Abyss  |     1 |       ||     1
  Use: Scroll            |     4 |       ||     4
  Eat: Chunk             |     2 |       ||     2
Armor: Leather armour    |    44 |     5 ||    49
Dodge: Dodged            |    67 |    15 ||    82

Table legend:
 A = Non-vault XP
 B = Vault XP
 C = Vault XP percentage of total XP
 D = Non-vault monster count
 E = Vault monster count
 F = Vault count percentage of total count
                 A         B        C        D         E       F
            +---------+---------+-------+---------+---------+-------
      Total |     118 |       3 |   2.5 |      35 |       2 |   5.4
            +---------+---------+-------+---------+---------+-------
        D:1 |      54 |       0 |   0.0 |      26 |       0 |   0.0
        D:2 |      23 |       3 |  11.5 |       6 |       2 |  25.0
        D:3 |      41 |       0 |   0.0 |       3 |       0 |   0.0
            +---------+---------+-------+---------+---------+-------
